 Dungeon Crawl Stone Soup version 0.18-a0-1303-g41c131c (webtiles) character file.

187 ottet the Covert (level 5, -1/26 HPs)
             Began as a Spriggan Assassin on Feb 12, 2016.
             Slain by Crazy Yiuf
             ... wielding a +3 quarterstaff of chaos
              (6 damage)
             ... on level 3 of the Dungeon.
             The game lasted 00:13:09 (3706 turns).

ottet the Covert (Spriggan Assassin)                Turns: 3706, Time: 00:13:10

Health: -1/26      AC:  4    Str:  7    XL:     5   Next: 39%
Magic:  6/6        EV: 19    Int: 13    God:
Gold:   121        SH:  0    Dex: 18    Spells: 0 memorised, 4 levels left

rFire  . . .     SeeInvis +     a - +2 dagger
rCold  . . .     Gourm    .     c - +0 robe
rNeg   + . .     Faith    .     (shield restricted)
rPois  +         Spirit   .     h - +1 hat
rElec  .         Dismiss  .     d - +0 cloak
rCorr  .         Reflect  .     (gloves unavailable)
SustAt .         Harm     .     (boots unavailable)
MR     .....                    (no amulet)
Stlth  +++++.....               (no ring)
                                s - ring of positive energy

@: drained, very quick, not resistant to hostile enchantments, quite stealthy
A: unfitting armour, antennae 1, see invisible, herbivore 3, speed 3, poison
resistance, slow metabolism 2
a: no special abilities


You were on level 3 of the Dungeon.
You were full.

You visited 1 branch of the dungeon, and saw 3 of its levels.

You collected 121 gold pieces.

Inventory:

Hand Weapons
 a - a +2 dagger (weapon)
 b - a +0 blowgun
Missiles
 e - 8 poisoned needles
 f - 2 curare-tipped needles
 n - 30 bolts
Armour
 c - a +0 robe (worn)
 d - a +0 cloak (worn)
 h - a +1 hat (worn)
Magical Staves
 t - an uncursed staff of earth {unknown}
Jewellery
 s - a ring of positive energy (left hand)
Scrolls
 j - a scroll of remove curse
 l - 2 scrolls of amnesia {unknown}
 m - 6 scrolls of identify
 p - a scroll of teleportation {unknown}
 r - a scroll of noise {unknown}
Potions
 i - a potion of mutation
 o - 2 potions of curing
Comestibles
 g - 3 bread rations


   Skills:
 + Level 2.0(1.9) Fighting
 + Level 3.0(2.8) Short Blades
 + Level 2.2(2.1) Throwing
 + Level 3.8(3.6) Dodging
 + Level 8.3(8.2) Stealth


You had 4 spell levels left.
You didn't know any spells.

Dungeon Overview and Level Annotations

Branches:
Dungeon (3/15)

Altars:
Ashenzari

Annotations:
D:3 Crazy Yiuf


Innate Abilities, Weirdness & Mutations

You are tiny and cannot use many weapons and most armour.
You have supernaturally acute eyesight.
You are a herbivore.
You cover ground extremely quickly.
You need consume almost no food.
You have a pair of small antennae on your head.
Your system is resistant to poisons.


Message History

You hit Crazy Yiuf but do no damage.
Crazy Yiuf is lightly wounded.
Crazy Yiuf flaps his cloak.
Crazy Yiuf misses you.
You closely miss Crazy Yiuf.
Crazy Yiuf is lightly wounded.
Crazy Yiuf hits you with a quarterstaff of chaos!
* * * LOW HITPOINT WARNING * * *
You completely miss Crazy Yiuf.
Crazy Yiuf is lightly wounded.
You hit Crazy Yiuf but do no damage.
Crazy Yiuf is lightly wounded.
Crazy Yiuf barely misses you.
You hit Crazy Yiuf.
Crazy Yiuf is moderately wounded.
Crazy Yiuf closely misses you.
You hit Crazy Yiuf but do no damage.
Crazy Yiuf is moderately wounded.
Crazy Yiuf hits you with a quarterstaff of chaos.
You die...

#.#.........##*#.#
#.............##.####
##............##....#
#.....##############
######## #.....#
#....... ##....#
###..).. ##.### ####*
♣♣###...... #.###
#)..#♣♣ ♣♣..........
#.#.#
#..g@.♣♣♣♣.P.........
#...#
#...#♣..♣..P.........
####..#
####*♣♣♣.♣.P..#......
#...#)#
♣♣♣♣♣###......
#...#.# #.......
#...##############
##......
#..........##.##.#
#......
#...##.....##.##.#
#......
#...##......#.##.#
#......


You could see Crazy Yiuf.

Vanquished Creatures
  Jessica (D:3)
  Ijyb (D:2)
  Robin (D:2)
  3 adders
  2 gnolls (D:1)
  An ooze (D:1)
  A worm (D:2)
  3 giant geckos (D:1)
  An orc (D:3)
  4 bats
  3 giant cockroaches
  14 goblins
  11 hobgoblins
  2 jackals (D:2)
  4 kobolds
  A quokka (D:2)
  A ball python (D:3)
  6 giant newts
  5 rats
65 creatures vanquished.

Notes
Turn   | Place    | Note
--------------------------------------------------------------
     0 | D:1      | ottet the Spriggan Assassin began the quest for the Orb.
     0 | D:1      | Reached XP level 1. HP: 10/10 MP: 2/2
    73 | D:1      | Reached skill level 6 in Stealth
    73 | D:1      | Reached XP level 2. HP: 2/14 MP: 3/3
   704 | D:1      | Reached skill level 7 in Stealth
   704 | D:1      | Reached XP level 3. HP: 18/18 MP: 4/4
  1106 | D:2      | Noticed Ijyb
  1156 | D:2      | Gained mutation: Your system is resistant to poisons. [potion of mutation]
  1156 | D:2      | Gained mutation: You have a pair of small antennae on your head. [potion of mutation]
  1167 | D:2      | Killed Ijyb
  1167 | D:2      | Reached XP level 4. HP: 11/23 MP: 5/5
  1995 | D:2      | Noticed Robin
  2030 | D:2      | HP: 1/23 [goblin/dagger[Robin] (2)]
  2359 | D:2      | Killed Robin
  2422 | D:2      | Reached skill level 8 in Stealth
  2667 | D:3      | Reached XP level 5. HP: 9/26 MP: 6/6
  3131 | D:3      | Found a shattered altar of Ashenzari.
  3137 | D:3      | Noticed Jessica
  3368 | D:3      | Killed Jessica
  3693 | D:3      | Noticed Crazy Yiuf
  3706 | D:3      | Slain by Crazy Yiuf

Vault maps used:
D:1:      scummos_arrival_simple_fountains
D:2:      uniq_iyjb, uniq_robin
D:3:      yredelemnul_forgotten_temple_becter, old_standard_altar, first_bread,
          uniq_jessica, uniq_crazy_yiuf_cottage

Action                   |  1- 3 |  4- 6 || total
-------------------------+-------+-------++-------
Melee: Dagger            |    63 |   184 ||   247
 Fire: Blowgun           |     6 |       ||     6
  Use: Potion            |     1 |     2 ||     3
       Scroll            |       |     5 ||     5
 Stab: Sleeping          |     6 |    10 ||    16
       Distracted        |     1 |       ||     1
       Fleeing           |       |     1 ||     1
  Eat: Bread ration      |       |     1 ||     1
